 Dungeon Crawl Stone Soup version 0.29-a0-284-gf9362112df (webtiles) character file.

Game seed: 6929910196326834441

97 Psyclone the Insei (level 4, -3/42 HPs)
             Began as an Octopode Transmuter on Mar 24, 2022.
             Slain by Robin
             ... wielding a +2 trident of venom
              (5 damage)
             ... on level 3 of the Dungeon.
             The game lasted 00:04:41 (2305 turns).

Psyclone the Insei (Octopode Transmuter)            Turns: 2305, Time: 00:04:42

Health: -3/42      AC: 22    Str:  9    XL:     4   Next: 68%
Magic:  6/7        EV:  2    Int: 17    God:
Gold:   109        SH:  0    Dex: 14    Spells: 4/7 levels left

rFire   . . .      SeeInvis .     - Unarmed
rCold   . . .      Faith    .   (no shield)
rNeg    . . .      Spirit   .   (helmet currently unavailable)
rPois   +          Reflect  .   (no amulet)
rElec   .          Harm     .   f - ring of willpower
rCorr   .          Rampage  .   (no ring)
Will    ++...      NoTele   +   (no ring)
Stlth   +.........              (no ring)
HPRegen 0.00/turn               (no ring)
MPRegen 0.10/turn               (no ring)
                                (no ring)
                                (no ring)

@: lethally poisoned (-3 -> -17), tree-form, wereblooded (expiring), inhibited
regen
A: stationary, stasis, torment immunity, boosted hp, almost no armour,
(amphibious), 8 rings, (camouflage 1), (gelatinous body 1), (nimble swimmer 1),
(tentacles), agile 1, strong-willed 1, mutation resistance 1, inhibited
regeneration
a: no special abilities


You were on level 3 of the Dungeon.
You were a tree.
You visited 1 branch of the dungeon, and saw 3 of its levels.

You collected 109 gold pieces.

Inventory:

Jewellery
 f - a ring of willpower (left branch)
Scrolls
 c - a scroll of summoning
 e - a scroll of teleportation {unknown}
Potions
 g - a potion of flight


   Skills:
 - Level 1.0 Fighting
 - Level 2.0 Dodging
 + Level 5.3 Unarmed Combat
 - Level 2.0 Spellcasting
 - Level 2.0 Transmutations


You had 4 spell levels left.
You knew the following spells:

 Your Spells              Type           Power      Damage    Failure   Level
a - Beastly Appendage     Tmut           16%        N/A       9%          1
b - Wereblood             Tmut           8%         N/A       13%         2

Your spell library contained the following spells:

 Spells                   Type           Power      Damage    Failure   Level
 Spider Form              Tmut/Pois      5%         N/A       36%         3
 Tukima's Dance           Hex            1%         N/A       50%         3
 Ice Form                 Ice/Tmut       5%         N/A       77%         4
 Passage of Golubria      Tloc           1%         N/A       88%         4
 Yara's Violent Unravell  Hex/Tmut       2%         3d3       98%         5


Dungeon Overview and Level Annotations

Branches:
Dungeon (3/15)

Altars:

Shops:
D:2 (

Annotations:
D:3 Robin


Innate Abilities, Weirdness & Mutations

You are a tree.
Your roots penetrate the ground, keeping you stationary.
You cannot be teleported.
You are immune to unholy pain and torment.
Your maximum health is greatly increased.
You cannot wear most types of armour.
((You are amphibious.))
You can wear up to eight rings at the same time.
((Your skin changes colour to match your surroundings (Stealth+).))
((Your rubbery body absorbs attacks. (AC +1, EV +1)))
((You are camouflaged when in or above water. (Stealth+)))
((You have tentacles for arms and can constrict up to eight enemies at once.))
You are agile. (Dex +2)
You are strong-willed. (Will+)
You are somewhat resistant to further mutation.
You do not regenerate when monsters are visible.


Message History

A rat comes into view.
Robin hits you from afar with a +2 trident of venom.
You take 6 damage, and have 22/28 hp.
MASSIVE DAMAGE!!
You barely miss the hobgoblin. You grab the hobgoblin.
You squeeze the hobgoblin.
You feel a bit better.
You kill the hobgoblin!
Robin completely misses you.
Your primal bloodlust is almost over.
Robin hits you from afar with a +2 trident of venom.
You are poisoned.
You take 5 damage, and have 18/28 hp.
You closely miss the hobgoblin. You grab the hobgoblin.
You pierce the hobgoblin.
You feel a bit better.
You kill the hobgoblin!
You feel very sick.
Robin hits you from afar with a +2 trident of venom.
You take 8 damage, and have 10/28 hp.
MASSIVE DAMAGE!!
You barely miss the rat. You grab the rat.
You howl as the wereblood boils in your veins!
You constrict the rat.
* * * LOW HITPOINT WARNING * * *
You feel sick.
Robin hits you from afar with a +2 trident of venom.
* * * LOW HITPOINT WARNING * * *
You are more poisoned.
The rat closely misses you.
You take 5 damage, and have 5/28 hp.
You bludgeon the rat!
You feel a bit better.
You kill the rat!
* * * LOW HITPOINT WARNING * * *
You feel very sick. Robin closely misses you.
You take 1 damage, and have 4/28 hp.
Really quaff the potion of lignification?
Your tentacle spike disappears.
You turn into a tree.
Your roots penetrate the ground.
* * * LOW HITPOINT WARNING * * *
You feel very sick.
Robin hits you from afar with a +2 trident of venom.
You die...

...............#
#.#.#.#.#.#.#..#
...#...........#
#.#.#...#.#.#..#
†..#...........#
..#.#.....#.#..#
...............#
.##.#.......#..############
.##............)♣)g...#...##
.####.#.#.#.#..###.........#
.........#.#..###...........
........#.#.#.. #...........
............... #...........
..........#.#...............
...............####.........
#####...... #. ####....g.
### . ...g..


You could see Robin.

Vanquished Creatures
  3 adders (D:2)
  A worm (D:2)
  A dart slug (D:2)
  An orc (D:3)
  2 ball pythons (D:1)
  4 endoplasms
  3 giant cockroaches
  10 goblins
  9 hobgoblins
  2 jackals (D:2)
  2 kobolds
  4 quokkas
  6 bats (D:1)
  3 frilled lizards
  6 rats
57 creatures vanquished.

Notes
Turn   | Place    | Note
-------+----------+-------------------------------------------
     0 | D:1      | Psyclone the Octopode Transmuter began the quest for the
                  | Orb.
     0 | D:1      | Reached XP level 1. HP: 13/13 MP: 3/3
   233 | D:1      | Reached XP level 2. HP: 18/18 MP: 3/5
   265 | D:1      | Learned a level 2 spell: Wereblood
   321 | D:1      | Found a faded altar of an unknown god.
   658 | D:1      | Reached skill level 4 in Unarmed Combat
   848 | D:1      | Reached XP level 3. HP: 22/23 MP: 4/6
  1103 | D:1      | Gained mutation: You are agile. (Dex +2) [potion of
                  | mutation]
  1103 | D:1      | Gained mutation: You do not regenerate when monsters are
                  | visible. [potion of mutation]
  1103 | D:1      | Gained mutation: You are strong-willed. (Will+) [potion of
                  | mutation]
  1103 | D:1      | Gained mutation: You are somewhat resistant to further
                  | mutation. [potion of mutation]
  1372 | D:2      | Found Awenn's Weapon Emporium.
  1555 | D:2      | Reached XP level 4. HP: 21/28 MP: 4/7
  1926 | D:2      | Reached skill level 5 in Unarmed Combat
  2278 | D:3      | Noticed Robin
  2305 | D:3      | HP: 2/42 [poisoned by Robin]
  2305 | D:3      | Slain by Robin

Illustrated notes

Levels and vault maps discovered:
D:1:      tarquinn_simple_flora_water_e, layout_loops_cross,
          shapermc_ecumenical_altar_starsandcircs, minmay_fountain_box,
          minmay_misc_feat_encased, minivault_11
D:2:      layout_basic, serial_shops, shop, minivault_4,
          chequers_serial_rivers_micro_d, minmay_quantized
D:3:      layout_rooms, gammafunk_ghost_cemetery, hangedman_decor_riveting,
          grunt_decor_mini_mirrors, minivault_25, kennysheep_generic_room_9,
          uniq_robin

Skill      XL: |  1  2  3  4 |
---------------+-------------+-----
Unarmed Combat | 4 5 |  5.3
Fighting       | |  1.0
Dodging        | |  2.0
Spellcasting   | |  2.0
Transmutations | |  2.0

Action                   |  1- 3 |  4- 6 || total
-------------------------+-------+-------++-------
Melee: Unarmed           |    67 |    39 ||   106
       Kick              |    14 |    14 ||    28
       Tentacles         |    13 |     6 ||    19
       Constrict         |    16 |    11 ||    27
       Punch             |     1 |       ||     1
 Cast: Beastly Appendage |    22 |     7 ||    29
       Wereblood         |     1 |     3 ||     4
  Use: Scroll            |     3 |     2 ||     5
       Potion            |     2 |     2 ||     4
 Stab: Sleeping          |     5 |       ||     5
Armor: Skin              |     8 |     2 ||    10
Dodge: Dodged            |    51 |    21 ||    72

Table legend: (Time is in decaauts)
 A = Elapsed time spent in this place.
 B = Non-inter-level travel time spent in this place.
 C = Inter-level travel time spent in this place.
 D = Time resting spent in this place.
 E = Time spent auto-exploring this place.
 F = Levels seen in this place.
 G = Mean time per level.
                   A        B        C        D        E       F      G
               +--------+--------+--------+--------+--------+-----+--------+
         Total |   2295 |   2270 |     25 |     28 |   1915 |   3 |  765.0 |
       Dungeon |   2295 |   2270 |     25 |     28 |   1915 |   3 |  765.0 |
               +--------+--------+--------+--------+--------+-----+--------+

Top non-repeatable levels by time:
     D:1: 1108 daAuts
     D:2: 1060 daAuts
     D:3: 127 daAuts
